 Dungeon Crawl Stone Soup version 0.30-a0-694-g3340775977 (webtiles) character file.

Game seed: 658241060639307191

208 Alitron123 the Covered (level 5, -2/48 HPs)
             Began as an Armataur Fighter on Jan 20, 2023.
             Slain by Crazy Yiuf
             ... wielding a +3 quarterstaff of chaos
              (19 damage)
             ... on level 3 of the Dungeon.
             The game lasted 00:03:39 (2244 turns).

Alitron123 the Covered (Armataur Fighter)           Turns: 2244, Time: 00:03:39

Health: -2/48      AC:  8    Str: 23    XL:     5   Next: 55%
Magic:  0/5        EV: 11    Int:  8    God:
Gold:   133        SH:  4    Dex: 10    Spells: 4/4 levels left

rFire   . . .      SeeInvis .    a - +0 flail
rCold   . . .      Faith    .    c - +0 buckler
rNeg    . . .      Spirit   .    h - +0 chain mail
rPois   .          Reflect  .    (no helmet)
rElec   .          Harm     .    (no cloak)
rCorr   .          Roll     +    (no gloves)
Will    .....                    (no barding) Stlth
                                 (no amulet)
HPRegen 0.28/turn                (no ring)
MPRegen 0.09/turn                (no ring)

@: mighty, agile
A: large, rugged brown scales 3, deformed body, armoured tail, roll, long
tongue, awkward tongue
a: no special abilities


You were on level 3 of the Dungeon.
You visited 1 branch of the dungeon, and saw 3 of its levels.

You collected 133 gold pieces.

Inventory:

Hand Weapons
 a - a +0 flail (weapon)
Armour
 c - a +0 buckler (worn)
 h - a +0 chain mail (worn)
Jewellery
 s - an amulet of guardian spirit
Wands
 l - a wand of acid (3) (quivered)
Scrolls
 b - a scroll of blinking {unknown}
 i - 2 scrolls of magic mapping {unknown}
 k - a scroll of amnesia {unknown}
 p - a scroll of poison {unknown}
 q - a scroll of fog {unknown}
 r - a scroll of identify {unknown}
Potions
 e - a potion of lignification {unknown}
 f - 2 potions of curing {unknown}
 g - a potion of haste
 j - a potion of berserk rage {unknown}
 m - 2 potions of attraction {unknown}
 n - 4 potions of heal wounds {unknown}
 o - a potion of magic {unknown}


   Skills:
 + Level 3.3 Fighting
 + Level 3.3 Maces & Flails
 + Level 5.0 Armour
 + Level 0.5 Dodging
 + Level 4.1 Shields
 + Level 0.3 Evocations


You had 4 spell levels left.
You didn't know any spells.
Your spell library contained the following spells:

 Spells                   Type           Power      Damage    Failure   Level
 Kiss of Death            Conj/Necr      0%         2d5       98%         1
 Magic Dart               Conj           0%         1d3       98%         1
 Sting                    Tmut/Pois      0%         1d3       98%         1
 Call Imp                 Summ           0%         N/A       99%         2
 Ensorcelled Hibernation  Hex/Ice        0%         N/A       99%         2
 Passwall                 Tmut/Erth      0%         N/A       99%         2
 Poisonous Vapours        Pois/Air       0%         N/A       99%         2
 Confusing Touch          Hex            0%         N/A       100%        3
 Mephitic Cloud           Conj/Pois/Air  0%         N/A       100%        3
 Swiftness                Air            0%         N/A       100%        3
 Dispel Undead            Necr           0%         3d6       100%        4
 Olgreb's Toxic Radiance  Pois           0%         N/A       100%        4


Dungeon Overview and Level Annotations

Branches:
Dungeon (3/15)

Altars:

Annotations:
D:3 Crazy Yiuf


Innate Abilities, Weirdness & Mutations

You are completely covered in rugged brown scales. (AC +3, +7% HP)
Armour fits poorly on your strangely shaped body.
You have a long armoured tail.
You roll when moving toward enemies. (Rampage)
Your long tongue fully drains potion bottles. (2x potion effects)
Your tongue gives you trouble enunciating. (1.5x scroll delay)


Message History

You see here 7 stones.
You see here 9 stones.
You open the gate.
There is an open gate here.
You pick up a book of Burglary and begin reading...
You add the spells Passwall, Ensorcelled Hibernation and Swiftness to your library.
There is an open gate here.
There is a stone staircase leading up here.
There is a stone staircase leading up here.
There is an open gate here.
You see here a +0 flail.
There is an open gate here.
Things that are here:
a +0 club; a +0 spear Crazy Yiuf shouts!
Crazy Yiuf says, "Lay verde tired!"
No reachable target in view!
Could not explore, unopened runed door.
You open the door.
Crazy Yiuf drinks a potion.
Crazy Yiuf seems to speed up.
You roll towards Crazy Yiuf!
You barely miss Crazy Yiuf. You block Crazy Yiuf's attack.
Crazy Yiuf barely misses you.
You barely miss Crazy Yiuf.
Crazy Yiuf hits you with a +3 quarterstaff of chaos!
You feel your power leaking away.
Crazy Yiuf hits you with a +3 quarterstaff of chaos!
You suddenly lose the ability to move!
Crazy Yiuf hits you with a +3 quarterstaff of chaos. x2
You feel agile all of a sudden.
You can move again.
You slurp down every last drop of the potion of might!
You feel very mighty all of a sudden. Crazy Yiuf completely misses you.
You are too injured to fight recklessly!
Aiming: Corrosive Bolt
Press: ? - help, Shift-Dir - straight line, f - Crazy Yiuf
Aim: Crazy Yiuf, wielding a +3 quarterstaff of chaos and wearing a +1 cloak of willpower (fast, 75% to hit)
The bolt of acid hits Crazy Yiuf.
The acid corrodes Crazy Yiuf!
Crazy Yiuf is moderately wounded.
Crazy Yiuf hits you with a +3 quarterstaff of chaos.
Space warps horribly around you!!
You die...

#....# #.# ####.# #.#
#.# #.# ### ###
######## .......#
######## #.##.####♣♣
#### #.......
#.##....#.♣♣ ♣♣#..)#
#.######
#.###......♣♣♣♣.@g..#
#.# #<#
##...♣..♣..♣#...# #.#
#.# ##.#..♣.♣♣♣ ####
#.# #.# ###♣♣♣♣♣
####.## #.# #.....#
#.# ### ### ####..#
#.# ##.# #.##### #..#
#.###.## ##....# #).#
#.##.##
##.#.###########..#


You could see Crazy Yiuf (fast, corroded).

Vanquished Creatures
  A scorpion (D:3)
  An iguana (D:3)
  4 adders (D:2)
  3 gnolls (D:3)
  2 dart slugs
  2 orcs (D:3)
  3 ball pythons
  5 bats
  3 endoplasms
  3 giant cockroaches
  5 goblins
  5 hobgoblins
  2 quokkas (D:1)
  4 frilled lizards
  6 kobolds
  4 rats
53 creatures vanquished.

Notes
Turn   | Place    | Note
-------+----------+-------------------------------------------
     0 | D:1      | Alitron123 the Armataur Fighter began the quest for the
                  | Orb.
     0 | D:1      | Reached XP level 1. HP: 19/19 MP: 1/1
   181 | D:1      | Reached XP level 2. HP: 23/26 MP: 2/2
   288 | D:1      | Reached skill level 4 in Armour
   668 | D:2      | Reached XP level 3. HP: 22/33 MP: 3/3
  1089 | D:2      | Reached XP level 4. HP: 39/40 MP: 4/4
  1469 | D:3      | Reached XP level 5. HP: 44/48 MP: 5/5
  1574 | D:3      | Found a runed translucent door.
  1575 | D:3      | Noticed Crazy Yiuf
  1899 | D:3      | Reached skill level 5 in Armour
  2241 | D:3      | Paralysed by Crazy Yiuf for 2 turns
  2244 | D:3      | Slain by Crazy Yiuf

Illustrated notes

Levels and vault maps discovered:
D:1:      saegor_arrival_simple_a, layout_basic, minmay_pentomino_q2
D:2:      layout_basic
D:3:      layout_loops_ring, kennysheep_donut, uniq_crazy_yiuf_cottage

Skill      XL: |  1  2  3  4  5 |
---------------+----------------+-----
Armour         | 4 5 |  5.0
Maces & Flails | 2 3 |  3.3
Fighting       | 3 |  3.3
Shields        | 4 |  4.1
Dodging        | |  0.5
Evocations     | |  0.3

Action                   |  1- 3 |  4- 6 || total
-------------------------+-------+-------++-------
Melee: Flail             |   133 |    50 ||   183
       Tailslap          |    11 |     4 ||    15
Evoke: Wand              |       |     8 ||     8
  Use: Potion            |       |     1 ||     1
Armor: Scale mail        |    30 |       ||    30
       Chain mail        |    52 |    39 ||    91
Dodge: Dodged            |    48 |    17 ||    65
Block: Buckler           |    35 |    13 ||    48

Table legend: (Time is in decaauts)
 A = Elapsed time spent in this place.
 B = Non-inter-level travel time spent in this place.
 C = Inter-level travel time spent in this place.
 D = Time resting spent in this place.
 E = Time spent auto-exploring this place.
 F = Levels seen in this place.
 G = Mean time per level.
                   A        B        C        D        E       F      G
               +--------+--------+--------+--------+--------+-----+--------+
         Total |   2300 |   2242 |     58 |      0 |   1809 |   3 |  766.7 |
       Dungeon |   2300 |   2242 |     58 |      0 |   1809 |   3 |  766.7 |
               +--------+--------+--------+--------+--------+-----+--------+

Top non-repeatable levels by time:
     D:3: 981 daAuts
     D:1: 673 daAuts
     D:2: 646 daAuts
